 Dungeon Crawl Stone Soup version 0.23.2-1-ga50397a (webtiles) character file.

Game seed: 3192112112167392274

263 schauveau the Chopper (level 6, -9/58 HPs)
             Began as a Gargoyle Berserker on May 3, 2019.
             Was a Believer of Trog.
             Killed by divine providence
             ... invoked by an orc priest
              (12 damage)
             ... on level 3 of the Dungeon.
             The game lasted 00:03:19 (2925 turns).

schauveau the Chopper (Gargoyle Berserker)          Turns: 2925, Time: 00:03:20

Health: -9/58      AC: 10    Str: 27    XL:     6   Next: 19%
Magic:  6/6        EV: 11    Int:  8    God:    Trog [**....]
Gold:   91         SH:  0    Dex:  9    Spells: 5/5 levels left

rFire    . . .     SeeInvis .   a - +0 hand axe
rCold    . . .     Gourm    .   (no shield)
rNeg     + . .     Faith    .   f - +0 ring mail
rPois    ∞         Spirit   .   (no helmet)
rElec    +         Reflect  .   (no cloak)
rCorr    .         Harm     .   (no gloves)
MR       .....                  (no boots)
Stlth    ..........             (no amulet)
HPRegen  0.19/turn              (no ring)
MPRegen  0.10/turn              (no ring)

@: berserking, very quick
A: negative energy resistance 1, electricity resistance, unbreathing,
petrification resistance, rot immunity, AC +4
a: Berserk, Trog's Hand, Renounce Religion


You were on level 3 of the Dungeon.
You worshipped Trog.
Trog was pleased with you.
You were hungry.

You visited 1 branch of the dungeon, and saw 3 of its levels.

You collected 91 gold pieces.

Inventory:

Hand Weapons
 a - a +0 hand axe (weapon)
 m - a +0 blowgun
Missiles
 j - 20 bolts
 p - 3 poisoned needles
Armour
 b - a +0 animal skin
 f - a +0 ring mail (worn)
Scrolls
 d - a scroll of teleportation {unknown}
 e - a scroll of amnesia {unknown}
 g - a scroll of blinking
 h - 3 scrolls of remove curse
 o - a scroll of magic mapping {unknown}
Potions
 i - a potion of lignification {unknown}
 l - a potion of flight {unknown}
 n - a potion of haste {unknown}
Comestibles
 c - 2 rations
 k - a chunk of flesh


   Skills:
 + Level 4.6 Fighting
 * Level 4.7 Axes
 + Level 3.9 Armour
 - Level 1.5 Dodging


You had 5 spell levels left.
You didn't know any spells.
Your spell library was empty.

Dungeon Overview and Level Annotations

Branches:
Dungeon (3/15)

Altars:


Innate Abilities, Weirdness & Mutations

You are resistant to torment.
Your stone body is resilient. (AC +4)
You are immune to poison.
You resist negative energy. (rN+)
You are resistant to electric shocks. (rElec)
You can survive without breathing.
You are immune to petrification.
You are immune to rotting.


Message History

You kill the orc priest!
Trog accepts your kill.
You have reached level 6!
Your experience leads to an increase in your attributes!
Your base attributes are Str 21, Int 8, Dex 9.
Increase (S)trength, (I)ntelligence, or (D)exterity?
Uppercase letters only, please.
You feel stronger.
The orc priest hits you with a +0 short sword.
* * * LOW HITPOINT WARNING * * *
The orc priest hits you from afar with a +0 trident.
* * * LOW HITPOINT WARNING * * *
You slash the orc priest!
The orc priest is heavily wounded.
You slice the orc priest!!
You kill the orc priest!
Trog accepts your kill.
The orc priest calls down the wrath of Beogh upon you.
Beogh smites you!
You die...

.. #..... .# .# .....
.# .... .. ... .#
..#.# .o.# #).#
#.#####@)# #.....)..#
######...#..o ..#.#
###....# .. ....##
#......# o⌠ #.....#
#.#.....#######.......
#.##.##...........####
#.#### ####......# #.#
#...#


You could see an orc priest.

Vanquished Creatures
  2 orc priests (D:3)
  Natasha (D:3)
  A worker ant (D:2)
  4 gnolls (D:3)
  7 adders
  3 worms (D:2)
  A leopard gecko (D:2)
  An orc (D:3)
  A giant cockroach (D:2)
  11 goblins
  5 hobgoblins
  3 jackals (D:2)
  5 kobolds
  A quokka (D:3)
  3 bats
  2 frilled lizards
  3 rats (D:3)
54 creatures vanquished.

Notes
Turn   | Place    | Note
-------+----------+-------------------------------------------
     0 | D:1      | schauveau the Gargoyle Berserker began the quest for the
                  | Orb.
     0 | D:1      | Reached XP level 1. HP: 14/14 MP: 1/1
   657 | D:2      | Reached XP level 2. HP: 15/19 MP: 2/2
  1432 | D:2      | Reached XP level 3. HP: 20/24 MP: 3/3
  1462 | D:2      | Found a faded altar of an unknown god.
  1688 | D:2      | Reached XP level 4. HP: 20/29 MP: 4/4
  2055 | D:3      | Noticed Natasha
  2068 | D:3      | Killed Natasha
  2280 | D:3      | Reached XP level 5. HP: 32/33 MP: 5/5
  2528 | D:3      | Reached ** piety under Trog
  2923 | D:3      | Reached XP level 6. HP: 8/39 MP: 6/6
  2923 | D:3      | HP: 2/58 [orc priest/+0 trident (5)]
  2925 | D:3      | Killed from afar by an orc priest

Skill      XL: |  1  2  3  4 |
---------------+-------------+-----
Axes           | 3 4 |  4.7
Armour         | 3 |  3.9
Fighting       | 4 |  4.6
Dodging        | |  1.5

Action                   |  1- 3 |  4- 6 || total
-------------------------+-------+-------++-------
Melee: Hand axe          |   107 |   126 ||   233
Invok: Berserk           |       |     2 ||     2
  Use: Scroll            |       |     4 ||     4
  Eat: Chunk             |     1 |     3 ||     4
       Ration            |     1 |       ||     1
Armor: Animal skin       |     7 |       ||     7
       Ring mail         |    48 |    62 ||   110
Dodge: Dodged            |    76 |    76 ||   152
